 Dungeon Crawl Stone Soup version 0.32-a0-913-g739538afd8 (webtiles) character file.

Game seed: 2903339330087840923

8935 Autsider the Frost Mage (level 11, -1/86 HPs)
             Began as a Ghoul Ice Elementalist on Apr 7, 2024.
             Was an Initiate of Sif Muna.
             Slain by a polar bear (12 damage)
             ... in an ice cave.
             The game lasted 00:45:00 (12682 turns).

Autsider the Frost Mage (Ghoul Ice Elementalist)   Turns: 12682, Time: 00:45:00

Health: -1/86      AC: 15    Str: 13    XL:     11   Next: 38%
Magic:  0/24       EV: 10    Int: 18    God:    Sif Muna [......]
Gold:   373        SH:  6    Dex:  9    Spells: 14/29 levels left

rFire   . . .        g - staff of cold
rCold   + + .        m - +2 buckler
rNeg    + + +        a - +0 robe
rPois   ∞            (no helmet)
rElec   .            C - +0 cloak
rCorr   +            D - +0 pair of gloves
SInv    .            s - +0 pair of boots
Will    .....        h - amulet of guardian spirit
Stlth   ++           p - ring of resist corrosion
HPRegen 0.00/turn    (no ring)
MPRegen 0.19/turn

%: guardian spirit
@: ice-armoured, freezing walls, inhibited regen
A: claws 1, cold resistance 1, negative energy resistance 3, inhibited
regeneration, torment resistance 2, devour on kill
a: Renounce Religion


You were in an ice cave.
You worshipped Sif Muna.
Sif Muna was noncommittal.
You visited 2 branches of the dungeon, and saw 12 of its levels.
You also visited: Ice Cave.

You collected 795 gold pieces.
You spent 422 gold pieces at shops.

Inventory:

Hand Weapons
 d - a +5 battleaxe of freezing
 f - a +0 sling
 A - a +2 trident of draining
 J - a +3 war axe of freezing
Missiles
 j - 6 atropa-tipped darts
 z - 2 darts of dispersal
 G - a curare-tipped dart
Armour
 a - a +0 robe (worn)
 m - a +2 buckler (worn)
 s - a +0 pair of boots (worn)
 y - the +4 ring mail "Kacsyin" {Stlth+}
   (You found it on level 3 of the Dungeon)

   Stlth+:    It makes you more stealthy.
 B - an orb of mayhem
 C - a +0 cloak (worn)
 D - a +0 pair of gloves (worn)
Magical Staves
 g - a staff of cold (weapon)
Jewellery
 h - an amulet of guardian spirit (around neck)
 p - a ring of resist corrosion (left hand)
Wands
 q - a wand of mindburst (4)
 t - a wand of paralysis (7)
 E - a wand of flame (10)
 H - a wand of iceblast (6)
Scrolls
 e - a scroll of enchant armour
 i - 2 scrolls of fog
 l - 4 scrolls of enchant weapon
 r - a scroll of revelation
 u - 2 scrolls of immolation
 v - a scroll of poison
 x - a scroll of teleportation {@r2}
 F - 3 scrolls of fear
 K - 2 scrolls of blinking
 L - a scroll of noise {unknown}
Potions
 c - a potion of ambrosia
 k - 2 potions of resistance
 n - 2 potions of enlightenment
 o - a potion of attraction
 w - 3 potions of haste
 I - a potion of curing {@q1}


   Skills:
 + Level 5.1 Fighting
 - Level 1.7 Dodging
 - Level 2.1 Stealth
 - Level 5.0 Shields
 + Level 9.5 Spellcasting
 + Level 1.4 Conjurations
 + Level 12.7 Ice Magic
 + Level 1.4 Air Magic


You had 14 spell levels left.
You knew the following spells:

 Your Spells              Type           Power      Damage    Failure   Level
a - Freeze                Ice            100%       1d10      1%          1
b - Frozen Ramparts       Ice            100%       1d16      1%          3
c - Ozocubu's Armour      Ice            69%        N/A       1%          3
w - Freezing Cloud        Conj/Ice/Air   20%        6-21      36%         5
A - Summon Ice Beast      Ice/Summ       47%        N/A       2%          3

Your spell library contained the following spells:

 Spells                   Type           Power      Damage    Failure   Level
 Static Discharge         Conj/Air       26%        3-5/arc   10%         2
 Summon Small Mammal      Summ           32%        N/A       11%         1
 Mercury Vapours          Alch/Air       22%        N/A       13%         2
 Call Imp                 Summ           16%        N/A       17%         2
 Mephitic Cloud           Conj/Alch/Air  11%        N/A       22%         3
 Call Canine Familiar     Summ           8%         N/A       32%         3
 Ozocubu's Refrigeration  Ice            34%        4d15      45%         7
 Airstrike                Air            6%         2d(1-17)  52%         4
 Brom's Barrelling Bould  Conj/Erth      11%        2d3       63%         4
 Summon Lightning Spire   Summ/Air       11%        N/A       63%         4
 Summon Blazeheart Golem  Fire/Summ      8%         N/A       73%         4
 Permafrost Eruption      Ice/Erth       23%        2x4d6     77%         6
 Iskenderun's Battlesphe  Conj           13%        2d7       86%         5
 Fireball                 Conj/Fire      5%         3d5       93%         5
 Conjure Ball Lightning   Conj/Air       6%         3x3d6     100%        6
 Plasma Beam              Fire/Air       5%         2x1d16    100%        6
 Orb of Destruction       Conj           6%         9d6       100%        7
 Spellforged Servitor     Conj/Summ      5%         N/A       100%        7
 Summon Hydra             Summ           4%         N/A       100%        7
 Sublimation of Blood     Necr           Unusable   N/A       N/A         2

Dungeon Overview and Level Annotations

Branches:
Dungeon (11/15)            Temple (1/1) D:5            Lair (0/5) D:11
    Orc (0/2) D:9           IceCv (1/1)

Altars:
Ashenzari
Cheibriados
Dithmenos
Fedhas
Gozag
Hepliaklqana
Kikubaaqudgha
Makhleb
Nemelex Xobeh
Okawaru
Qazlal
Ru
Sif Muna
Trog
Uskayaw
Vehumet
Wu Jian
Xom
Yredelemnul

Shops:
D:3 [   D:4 *   D:6 [   D:10 *(:?

Annotations:
D:5 Snaaty's ghost, amateur MDFi
D:6 exclusion: upstairs
D:9 exclusion: downstairs
D:11 exclusion: 3 oklob plants


Innate Abilities, Weirdness & Mutations

You are immune to poison.
You have sharp fingernails.
Your flesh is cold resistant. (rC+)
You are immune to negative energy. (rN+++)
You do not regenerate when monsters are visible.
You are immune to unholy pain and torment.
You thrive by killing the living.


Message History

The polar bear barely misses your ice beast.
Casting: Summon Ice Beast (mildly dangerous; 2% risk of failure)
Confirm with . or Enter, or press ? or * to list all spells.
Casting: Frozen Ramparts (safe; 1% risk of failure)
Press: ? - help, Dir - look around, f - activate You feel a surge of power!
The walls around you are covered in ice.
The wall freezes the polar bear but does no damage.
The polar bear bites your ice beast!
The polar bear closely misses your ice beast.
The polar bear completely misses your ice beast.
Your ice beast closely misses the polar bear.
The polar bear resists.
The wall freezes the polar bear.
The polar bear bites your ice beast!
Your ice beast dies!
Your ice beast disappears in a puff of smoke!
The wall freezes the polar bear but does no damage.
Casting: Frozen Ramparts (safe; 1% risk of failure)
Confirm with . or Enter, or press ? or * to list all spells.
You feel a surge of power! A film of ice covers your body!
The polar bear resists.
The wall freezes the polar bear.
The polar bear misses you. The polar bear completely misses you.
The polar bear claws you but does no damage.
The wall freezes the polar bear but does no damage.
You completely miss the polar bear.
The polar bear is almost dead.
The wall freezes the polar bear but does no damage.
You block the polar bear's attack. The polar bear claws you.
* * * LOW HITPOINT WARNING * * *
You block the polar bear's attack.
The wall freezes the polar bear but does no damage.
The polar bear closely misses you. The polar bear barely misses you.
The polar bear claws you but does no damage.
The wall freezes the polar bear but does no damage.
You hit the polar bear but do no damage.
You freeze the polar bear.
The polar bear is almost dead.
The wall freezes the polar bear but does no damage.
The polar bear bites you!
You die...

#..##..#
##.###.#
##.##.##
#.##..#
#.###.#
#.###.##
#.h##..#
##h###.##
#@###..#
#..#..##
##.#.##
#...#
#...#
##.## #.#
≈.≈ #≈≈≈


You could see 2 polar bears.

Vanquished Creatures
  Maurice (D:8)
  Jeremiah (D:6)
  A kobold demonologist (D:11)
  2 trolls (D:9)
  2 hornets
  A polar bear (IceCv)
  A wyvern (D:9)
  Eustachio (D:6)
  5 yaks
  Grum (D:8)
  2 water moccasins (D:7)
  Duvessa (D:5)
  4 orc warriors
  An ice beast (D:8)
  2 ogres
  7 wolves
  A centaur (D:8)
  A phantom (D:6)
  A kobold brigand (D:8)
  2 nameless horrors
  3 bullfrogs (D:8)
  A scorpion (D:4)
  Blork the orc (D:6)
  5 wights
  Dowan (D:5)
  11 killer bees
  4 howler monkeys
  5 hounds
  6 orc priests
  2 jellies
  Jessica (D:2)
  3 orc wizards
  An iguana (D:7)
  6 adders
  A shadow imp (D:7)
  A white imp (D:6)
  4 ufetubi
  2 ribbon worms
  9 dart slugs
  11 orcs
  7 endoplasms
  7 giant cockroaches
  10 goblins
  8 hobgoblins
  4 jackals (D:4)
  11 kobolds
  3 quokkas
  7 ball pythons
  9 bats
  6 frilled lizards
  3 rats (D:1)
191 creatures vanquished.

Vanquished Creatures (collateral kills)
  A two-headed ogre (D:8)
  Grinder (D:3)
  3 yaks
  2 shadows (D:10)
  An ice beast (D:6)
  2 orc warriors
  A sky beast (D:6)
  5 wights
  3 orc wizards (D:10)
  An orc (D:10)
  A kobold (D:8)
21 creatures vanquished.

Grand Total: 212 creatures vanquished

Notes
Turn   | Place    | Note
-------+----------+-------------------------------------------
     0 | D:1      | Autsider the Ghoul Ice Elementalist began the quest for the
                  | Orb.
     0 | D:1      | Reached XP level 1. HP: 14/14 MP: 3/3
   118 | D:1      | Reached XP level 2. HP: 20/20 MP: 1/5
   560 | D:1      | Reached XP level 3. HP: 26/26 MP: 6/6
   621 | D:1      | Reached skill level 5 in Ice Magic
  1316 | D:2      | Learned a level 3 spell: Frozen Ramparts
  1320 | D:2      | Learned a level 3 spell: Ozocubu's Armour
  1523 | D:2      | Noticed Jessica
  1526 | D:2      | Killed Jessica
  1527 | D:2      | Reached XP level 4. HP: 33/33 MP: 4/8
  1528 | D:2      | Reached skill level 1 in Shields
  2276 | D:3      | Found Lavyge Lune's Antique Armour Shoppe.
  2321 | D:3      | Found a faded altar of an unknown god.
  2428 | D:3      | Noticed Grinder
  2439 | D:3      | Paralysed by Grinder for 2 turns
  2449 | D:3      | Paralysed by Grinder for 4 turns
  2565 | D:4      | Reached XP level 5. HP: 38/38 MP: 5/9
  2643 | D:5      | Entered Level 5 of the Dungeon
  2857 | D:4      | Found Watet Iferi's Elemental Accessories.
  3073 | D:4      | Found a broken altar of Ashenzari.
  3091 | D:4      | Learned a level 3 spell: Summon Ice Beast
  3119 | D:4      | Reached XP level 6. HP: 45/45 MP: 7/11
  3286 | D:3      | Noticed a nameless horror
  3345 | D:4      | Reached skill level 6 in Ice Magic
  3718 | D:4      | Killed a nameless horror
  3925 | D:3      | Paralysed by Grinder for 3 turns
  3943 | D:3      | Paralysed by Grinder for 4 turns
  3950 | D:3      | Paralysed by Grinder for 3 turns
  4074 | D:3      | Paralysed by Grinder for 2 turns
  4078 | D:3      | Killed Grinder
  4079 | D:3      | Reached XP level 7. HP: 18/50 MP: 7/13
  4236 | D:3      | You fall into a shaft and drop 2 floors!
  4243 | D:5      | Found a runed translucent gate.
  4243 | D:5      | Found a runed translucent gate.
  4244 | D:5      | Found a runed translucent gate.
  4251 | D:5      | Noticed Snaaty's ghost (amateur MDFi)
  4268 | D:5      | Found a shimmering altar of Xom.
  4274 | D:5      | Noticed Duvessa
  4275 | D:5      | Noticed Dowan
  4282 | D:5      | Killed Duvessa
  4286 | D:5      | Killed Dowan
  4567 | D:5      | Reached skill level 7 in Ice Magic
  4705 | D:5      | Found a staircase to the Ecumenical Temple.
  4714 | Temple   | Entered the Ecumenical Temple
  5266 | D:3      | Identified the +4 ring mail "Kacsyin" {Stlth+}
  5932 | D:6      | Noticed Blork the orc
  5945 | D:6      | Killed Blork the orc
  6021 | D:6      | Found Gaaf's Antique Armour Shop.
  6064 | D:6      | Reached XP level 8. HP: 57/57 MP: 10/15
  6101 | D:6      | Noticed Jeremiah
  6120 | D:6      | Killed Jeremiah
  6121 | D:6      | Reached skill level 5 in Spellcasting
  6354 | D:6      | Reached skill level 8 in Ice Magic
  6601 | D:6      | Reached skill level 5 in Shields
  6792 | D:6      | Noticed Eustachio
  6801 | D:6      | Killed Eustachio
  6802 | D:6      | Reached XP level 9. HP: 58/62 MP: 1/17
  7662 | D:7      | Reached skill level 9 in Ice Magic
  7891 | D:7      | Found a basalt altar of Yredelemnul.
  8388 | D:8      | Noticed Grum
  8397 | D:8      | Killed Grum
  8398 | D:8      | Reached skill level 10 in Ice Magic
  8506 | D:8      | Found an ancient bone altar of Kikubaaqudgha.
  8732 | D:8      | Reached XP level 10. HP: 69/69 MP: 13/21
  8823 | D:8      | Noticed Maurice
  8823 | D:8      | Noticed a two-headed ogre
  8842 | D:8      | Killed a two-headed ogre
  8843 | D:8      | Reached skill level 11 in Ice Magic
  8861 | D:8      | Killed Maurice
  9806 | D:9      | Found a staircase to the Orcish Mines.
  9834 | D:9      | Reached skill level 1 in Fighting
  9906 | D:9      | Found a blossoming altar of Fedhas.
  9906 | D:9      | Found an iron altar of Okawaru.
 10102 | D:9      | Reached skill level 12 in Ice Magic
 10437 | D:9      | Reached XP level 11. HP: 76/83 MP: 14/24
 10590 | D:9      | Got Tetoud's Octavo of Overhead Rime
 11103 | D:10     | Entered Level 10 of the Dungeon
 11233 | D:10     | Found Sazer Cuwneo's Magic Scroll Boutique.
 11245 | D:10     | Bought a scroll of identify for 32 gold pieces
 11255 | D:10     | Found a shadowy altar of Dithmenos.
 11471 | D:10     | Found Jiaxt's Book Shoppe.
 11481 | D:10     | Bought a book of Vapours for 390 gold pieces
 11482 | D:10     | Found Hennysel's Weapon Shop.
 11653 | D:10     | Identified the +10 quarterstaff "Ghoul's Curse" {venom,
                  | *Corrode MP+9 Dex+5}
 11908 | D:10     | Found a radiant altar of Vehumet.
 11928 | D:10     | Found Ziegor's General Store.
 12025 | D:10     | Found a shimmering blue altar of Sif Muna.
 12029 | D:10     | Became a worshipper of Sif Muna the Loreminder
 12109 | D:10     | Found a sacrificial altar of Ru.
 12280 | D:10     | Learned a level 5 spell: Freezing Cloud
 12286 | D:11     | Found an ornate altar of the Wu Jian Council.
 12343 | D:11     | Noticed an oklob plant
 12370 | D:11     | Noticed an oklob plant
 12386 | D:11     | Reached skill level 1 in Conjurations
 12386 | D:11     | Reached skill level 1 in Air Magic
 12388 | D:11     | Noticed an oklob plant
 12390 | D:11     | Found a staircase to the Lair.
 12505 | D:11     | Found a frozen archway.
 12516 | IceCv    | Entered an ice cave
 12535 | IceCv    | Reached skill level 5 in Fighting
 12682 | IceCv    | Slain by a polar bear

Illustrated notes

Levels and vault maps discovered:
D:1:      lemuel_arrival_cross, layout_loops_ring, minmay_door_square,
          corner_web_ring, minivault_5
D:2:      layout_basic, serial_corexii_hall, chequers_hall_statues_wall_a,
          chequers_hall_statues_wall_a, chequers_serial_rivers_small_3,
          uniq_jessica
D:3:      layout_basic, serial_shops, shop,
          hellmonk_ecumenical_altar_leap_of_faith, minmay_surrounded,
          uniq_grinder
D:4:      layout_rooms, mainiacjoe_overflow_concentric_impassable,
          nicolae_elemental_shop
D:5:      layout_basic, mainiacjoe_overflow_brackets,
          minmay_temple_entry_slanted, ebering_ghost_rock_garden, uniq_duvessa
D:6:      lemuel_ice_spiral_2, layout_basic, serial_shops,
          nicolae_shop_just_a_little_nook, serial_glass, glass_columns_b,
          glass_columns_b, uniq_blork_the_orc, uniq_jeremiah, uniq_eustachio
D:7:      layout_loops_ring, lemuel_crystal_altar
D:8:      layout_basic, nicolae_tso_carved_into_rock,
          mainiacjoe_overflow_boulevard, uniq_maurice, uniq_grum
D:9:      layout_long_grid, mainiacjoe_overflow_large_starburst,
          david_orc_1_choice, st_stairs_9, amcnicky_mini_pool_small,
          hangedman_decor_riveting
D:10:     layout_rooms, mainiacjoe_overflow_six_doors_small, old_standard_altar,
          overflow_temple_1_default, vehumet_altar_wand_db, serial_shops, shop,
          shop, nicolae_shop_stone, nicolae_shop_tiny_real_fake_doors
D:11:     layout_grid_maze, dpeg_oklobed_lair, portal_ice_cave_entry_pillars_1,
          nzn_wu_jian_contemplation
Temple:   nicolae_temple_ecumenical_triangle
IceCv:    ice_cave_caverns_01

Skill      XL: |  1  2  3  4  5  6  7  8  9 10 11 |
---------------+----------------------------------+-----
Spellcasting   | 2 3 4 5 7 9 |  9.5
Ice Magic      | 5 6 7 8 10 12 | 12.7
Shields        | 1 2 3 4 5 |  5.0
Fighting       | 3 5 |  5.1
Conjurations   | 1 |  1.4
Air Magic      | 1 |  1.4
Dodging        | |  1.7
Stealth        | |  2.1

Action                     |  1- 3 |  4- 6 |  7- 9 | 10-12 || total
---------------------------+-------+-------+-------+-------++-------
  Melee: Unarmed           |    16 |       |       |       ||    16
         Staff             |     5 |    81 |   104 |   156 ||   346
   Fire: Sling             |     5 |       |       |       ||     5
   Cast: Freeze            |    47 |     7 |    14 |     7 ||    75
         Frozen Ramparts   |     4 |    32 |    38 |    36 ||   110
         Ozocubu's Armour  |       |     5 |     7 |    20 ||    32
         Summon Ice Beast  |       |     2 |    14 |    38 ||    54
  Evoke: Wand              |       |       |       |     1 ||     1
    Use: Scroll            |       |     4 |       |    14 ||    18
         Potion            |       |       |     2 |     3 ||     5
   Stab: Sleeping          |     1 |       |       |       ||     1
         Distracted        |       |       |     1 |       ||     1
 Armour: Robe              |    26 |    56 |   102 |   188 ||   372
  Dodge: Dodged            |    22 |    29 |    67 |   106 ||   224
  Block: Buckler           |       |    24 |    34 |    67 ||   125

Table legend: (Time is in decaauts)
 A = Elapsed time spent in this place.
 B = Non-inter-level travel time spent in this place.
 C = Inter-level travel time spent in this place.
 D = Time resting spent in this place.
 E = Time spent auto-exploring this place.
 F = Levels seen in this place.
 G = Mean time per level.
                   A        B        C        D        E       F      G
               +--------+--------+--------+--------+--------+-----+--------+
         Total |  12774 |  12245 |    529 |    947 |   9027 |  13 |  982.6 |
       Dungeon |  12602 |  12073 |    529 |    947 |   8957 |  11 | 1145.6 |
        Temple |      1 |      1 |      0 |      0 |      0 |   1 |    1.0 |
      Ice Cave |    169 |    169 |      0 |      0 |     70 |   1 |  169.0 |
               +--------+--------+--------+--------+--------+-----+--------+

Top non-repeatable levels by time:
     D:6: 1775 daAuts
     D:9: 1533 daAuts
     D:8: 1361 daAuts
     D:1: 1309 daAuts
     D:3: 1266 daAuts
     D:4: 1238 daAuts
    D:10: 1158 daAuts
     D:5: 1000 daAuts
     D:2: 984 daAuts
     D:7: 739 daAuts
    D:11: 234 daAuts
   IceCv: 169 daAuts
  Temple: 1 daAuts
